 Dungeon Crawl Stone Soup version 0.28-a0-1616-g050a50673c (webtiles) character file.

Game seed: 12084194185207976762

2622 Shayle the Nimble (level 9, -4/68 HPs)
             Began as a Djinni Warper on Jan 23, 2022.
             Slain by a two-headed ogre (14 damage)
             ... on level 6 of the Dungeon.
             The game lasted 00:21:27 (6839 turns).

Shayle the Nimble (Djinni Warper)                   Turns: 6839, Time: 00:21:28

Health: -4/68      AC:  6    Str: 10    XL:     9   Next: 91%
Gold:   307        EV: 15    Int: 18    God:
                   SH:  0    Dex: 14

rFire   + + .      SeeInvis .   h - +2 whip (venom)
rCold   x . .      Faith    .   (no shield)
rNeg    . . .      Spirit   .   f - +0 troll leather armour {Pargi}
rPois   ∞          Reflect  .   n - +1 helmet
rElec   .          Harm     .   (no cloak)
rCorr   .          Rampage  .   (no gloves)
Will    .....                   (boots unavailable)
Stlth   +++.......              (no amulet)
HPRegen 1.01/turn               (no ring)
MPRegen 0.00/turn               (no ring)

@: flying
A: sickness immunity, fire resistance 2, cold vulnerability 1, float, innate
caster, hp casting, extra vitality 1
a: no special abilities


You were on level 6 of the Dungeon.
You visited 1 branch of the dungeon, and saw 6 of its levels.

You collected 307 gold pieces.

Inventory:

Hand Weapons
 h - a +2 whip of venom (weapon)
 o - a +1 dagger of draining
 p - a +4 spear of distortion
Missiles
 c - 4 boomerangs of dispersal (quivered)
 g - 18 poisoned darts
Armour
 a - a +0 leather armour
 f - a +0 troll leather armour (worn) {Pargi}
 n - a +1 helmet (worn)
Jewellery
 u - a +4 ring of evasion
 v - the amulet "Rygrot" {Reflect Contam rC+ Dex+4 SH+5}
   (You found it on level 5 of the Dungeon)

   [amulet of reflection]

   It reflects blocked missile attacks.
   Dex:       It affects your dexterity (+4).
   rC:        It protects you from cold.
   Contam:    It causes magical contamination when unequipped.
   SH:        It affects your SH (+5).
Wands
 e - a wand of iceblast (7)
 k - a wand of polymorph (4)
 q - a wand of acid (3)
Scrolls
 r - 3 scrolls of identify
 s - a scroll of enchant armour
Potions
 b - 2 potions of degeneration {unknown}
 d - a potion of attraction {unknown}
 i - a potion of ambrosia
 j - a potion of berserk rage {unknown}
 l - a potion of resistance {unknown}
 m - a potion of might {unknown}
 t - a potion of brilliance {unknown}


   Skills:
 + Level 7.6 Fighting
 - Level 0.7 Throwing
 - Level 1.0 Armour
 + Level 8.3 Dodging
 + Level 6.6 Stealth
 - Level 2.0 Unarmed Combat
 - Level 2.4 Spellcasting


You couldn't memorise any spells.
You knew the following spells:

 Your Spells              Type           Power      Damage    Failure   Level
a - Blink                 Tloc           20%        N/A       13%         2
b - Lesser Beckoning      Tloc           10%        N/A       26%         3
c - Gell's Gravitas       Tloc           10%        N/A       26%         3
d - Teleport Other        Tloc           10%        N/A       26%         3
e - Manifold Assault      Tloc           10%        N/A       94%         5
f - Apportation           Tloc           20%        N/A       9%          1
g - Poisonous Vapours     Pois/Air       20%        N/A       13%         2
h - Mephitic Cloud        Conj/Pois/Air  10%        N/A       26%         3
i - Confusing Touch       Hex            10%        N/A       26%         3
Your spell library was empty.

Dungeon Overview and Level Annotations

Branches:
Dungeon (6/15)
 Temple: D:4-7

Altars:
Makhleb

Shops:
D:1 [

Annotations:
D:4 1 runed translucent door, Crazy Yiuf


Innate Abilities, Weirdness & Mutations

You are immune to sickness and miasma.
You are immune to poison.
Your flesh is very heat resistant. (rF++)
You are vulnerable to cold. (rC-)
You float through the air rather than walking.
You learn spells naturally, not from books.
Your magical power is your life essence.
You have superior vitality. (+4 MHP)


Message History

Casting: Mephitic Cloud (dangerous; 26% risk of failure)
Confirm with . or Enter, or press ? or * to list all spells.
Aiming: Mephitic Cloud (dangerous; 26% risk of failure)
Press: ? - help, Shift-Dir - straight line, f/p - two-headed ogre
Aim: a two-headed ogre, wielding a +0 giant club and a +0 giant spiked club (moderately wounded, poisoned, chance to affect: 53%)
The ball explodes into a vile cloud!
The stinking cloud engulfs the two-headed ogre but does no damage.
The two-headed ogre is moderately wounded.
The stinking cloud engulfs the bullfrog skeleton but does no damage.
* * * LOW HITPOINT WARNING * * *
The two-headed ogre is engulfed in noxious fumes.
The two-headed ogre is engulfed in noxious fumes.
The two-headed ogre appears confused.
The two-headed ogre hits the bullfrog skeleton with a +0 giant club!
The two-headed ogre hits the bullfrog skeleton with a +0 giant spiked club!!
The bullfrog skeleton is destroyed!
Aiming: Corrosive Bolt
Press: ? - help, Shift-Dir - straight line, f/p - two-headed ogre
Aim: a two-headed ogre, wielding a +0 giant club and a +0 giant spiked club (moderately wounded, confused, poisoned, 98% to hit)
The bolt of acid hits the two-headed ogre!
The two-headed ogre is moderately wounded.
Aiming: Corrosive Bolt
Press: ? - help, Shift-Dir - straight line, f/p - two-headed ogre
Aim: a two-headed ogre, wielding a +0 giant club and a +0 giant spiked club (moderately wounded, confused, poisoned, 98% to hit)
The bolt of acid hits the two-headed ogre!
The acid corrodes the two-headed ogre!
The two-headed ogre is severely wounded.
The two-headed ogre looks very confused.
The two-headed ogre looks more healthy.
The two-headed ogre seems less confused.
Aiming: Corrosive Bolt
Press: ? - help, Shift-Dir - straight line, f/p - two-headed ogre
Aim: a two-headed ogre, wielding a +0 giant club and a +0 giant spiked club (severely wounded, covered in acid, 86% to hit)
The bolt of acid hits the two-headed ogre!!
The two-headed ogre seems to be corroded for longer.
The two-headed ogre is almost dead.
The two-headed ogre hits you with a +0 giant club!!
* * * LOW HITPOINT WARNING * * *
The two-headed ogre hits you with a +0 giant spiked club!
You die...

# . # ##. ### #.. #####
#.. ######### #.#
#...###.# ........# #.#
#.#...... ###.. #@# #.#
##.....<.# ......#O# #.#
#.........
#...#.###.###.#......#
#...............#....
####.###.###.#.####..
#.# #.# #....###.#
#.#####.# #.# #.........
#.Z....# #.# ##...##..#
#.#########.#####.###..#


You could see a two-headed ogre (corroded).

Vanquished Creatures
  Pikel (D:6)
  Prince Ribbit (D:6)
  Eustachio (D:6)
  Duvessa (D:4)
  Pargi (D:3)
  3 necrophages
  2 centaurs (D:3)
  3 ogres
  A lemure (D:6)
  A phantom (D:5)
  Blork the orc (D:4)
  A kobold brigand (D:6)
  A scorpion (D:6)
  A water moccasin zombie (D:6)
  Dowan (D:4)
  2 jellies
  2 bullfrog skeletons
  An orc priest (D:6)
  A hound (D:5)
  6 iguanas
  Natasha (thrice) (D:2)
  An orc wizard (D:6)
  Robin (D:4)
  4 adders
  4 gnolls (D:6)
  An adder zombie (D:5)
  An adder skeleton (D:4)
  2 dart slugs (D:4)
  2 worms (D:2)
  5 orcs
  7 ball pythons
  12 endoplasms
  A giant cockroach (D:3)
  12 goblins
  12 hobgoblins
  2 jackals
  9 kobolds
  3 quokkas
  A bat (D:1)
  7 frilled lizards
  2 rats (D:2)
124 creatures vanquished.

Notes
Turn   | Place    | Note
-------+----------+-------------------------------------------
     0 | D:1      | Shayle the Djinni Warper began the quest for the Orb.
     0 | D:1      | Reached XP level 1. HP: 18/18 MP: 0/0
   161 | D:1      | Reached XP level 2. HP: 21/23 MP: 0/0
   190 | D:1      | Found Meofyiro's Armour Emporium.
   296 | D:1      | Found a faded altar of an unknown god.
   951 | D:2      | Reached skill level 1 in Stealth
  1069 | D:2      | Reached XP level 3. HP: 18/29 MP: 0/0
  1069 | D:2      | Learned a level 1 spell: Apportation
  1454 | D:2      | Noticed Natasha
  1463 | D:2      | Killed Natasha
  1464 | D:2      | Reached skill level 3 in Dodging
  1464 | D:2      | Reached XP level 4. HP: 11/34 MP: 0/0
  1758 | D:2      | Noticed Natasha
  1772 | D:2      | Killed Natasha
  2707 | D:3      | Noticed a centaur
  2921 | D:3      | Noticed Pargi
  3043 | D:2      | Noticed Natasha
  3052 | D:2      | Killed Natasha
  3053 | D:2      | Reached XP level 5. HP: 25/40 MP: 0/0
  3053 | D:2      | Learned a level 2 spell: Poisonous Vapours
  3238 | D:3      | Killed a centaur
  3239 | D:3      | Reached skill level 4 in Dodging
  3239 | D:3      | Reached XP level 6. HP: 22/47 MP: 0/0
  3539 | D:3      | Killed Pargi
  3813 | D:3      | Reached XP level 7. HP: 14/52 MP: 0/0
  3813 | D:3      | Learned a level 3 spell: Mephitic Cloud
  4203 | D:4      | Noticed Blork the orc
  4218 | D:4      | Killed Blork the orc
  4219 | D:4      | Reached skill level 5 in Dodging
  4277 | D:4      | Found a burning altar of Makhleb.
  4295 | D:4      | Noticed Duvessa
  4379 | D:4      | Noticed Robin
  4485 | D:4      | Killed Robin
  4648 | D:4      | Reached skill level 5 in Fighting
  4793 | D:4      | Noticed Dowan
  4810 | D:4      | Reached XP level 8. HP: 48/59 MP: 0/0
  4819 | D:4      | Killed Duvessa
  4830 | D:4      | Killed Dowan
  4831 | D:4      | Reached skill level 6 in Dodging
  5008 | D:4      | Found a runed translucent door.
  5009 | D:4      | Noticed Crazy Yiuf
  5335 | D:5      | Entered Level 5 of the Dungeon
  5638 | D:5      | Identified the amulet "Rygrot" {Reflect Contam rC+ Dex+4
                  | SH+5}
  5741 | D:5      | Reached skill level 5 in Stealth
  6150 | D:6      | Reached XP level 9. HP: 66/66 MP: 0/0
  6150 | D:6      | Learned a level 3 spell: Confusing Touch
  6183 | D:6      | Noticed Pikel
  6211 | D:6      | Reached skill level 7 in Dodging
  6217 | D:6      | HP: 3/67 [lemure[Pikel] (1)]
  6240 | D:6      | Killed Pikel
  6290 | D:6      | Noticed a two-headed ogre
  6392 | D:6      | Noticed Prince Ribbit
  6407 | D:6      | Killed Prince Ribbit
  6408 | D:6      | Reached skill level 8 in Dodging
  6458 | D:6      | Noticed Eustachio
  6475 | D:6      | Killed Eustachio
  6839 | D:6      | Slain by a two-headed ogre

Illustrated notes

Levels and vault maps discovered:
D:1:      dpeg_arrival_stone_temple_mockup, layout_basic, serial_shops,
          nicolae_shop_advertising_works [nicolae_subvault_shop_adworks],
          hellmonk_ecumenical_altar_inner_sanctum
D:2:      layout_loops_cross, minmay_tetromino_t2, uniq_natasha
D:3:      layout_loops_cross, uniq_pargi
D:4:      layout_cave_pods, mainiacjoe_overflow_paths, st_stairs_14,
          uniq_duvessa, uniq_crazy_yiuf_cottage, uniq_robin, uniq_blork_the_orc
D:5:      layout_basic
D:6:      layout_loops_ring, pdpol_wu_jian_five_deadly_venoms,
          hangedman_decor_opposing, minivault_1, uniq_pikel,
          uniq_prince_ribbit1, uniq_eustachio

Skill      XL: |  1  2  3  4  5  6  7  8  9 |
---------------+----------------------------+-----
Stealth        | 1 2 3 4 5 6 |  6.6
Dodging        | 3 4 5 6 8 |  8.3
Fighting       | 3 4 5 6 7 |  7.6
Throwing       | |  0.7
Armour         | |  1.0
Unarmed Combat | |  2.0
Spellcasting   | |  2.4

Action                   |  1- 3 |  4- 6 |  7- 9 || total
-------------------------+-------+-------+-------++-------
Melee: Unarmed           |    69 |       |       ||    69
       Punch             |     1 |     2 |    11 ||    14
       Whip              |    18 |   113 |   330 ||   461
Throw: Boomerang         |     3 |       |       ||     3
 Cast: Poisonous Vapours |       |     4 |       ||     4
       Mephitic Cloud    |       |       |    17 ||    17
       Blink             |       |       |     1 ||     1
Evoke: Wand              |       |       |     3 ||     3
  Use: Scroll            |       |     4 |     4 ||     8
       Potion            |       |     3 |     2 ||     5
 Stab: Sleeping          |     2 |       |    11 ||    13
       Confused          |       |       |     9 ||     9
Armor: Leather armour    |    13 |    43 |       ||    56
       Troll leather arm |       |     6 |    58 ||    64
Dodge: Dodged            |    57 |   110 |   220 ||   387

Table legend: (Time is in decaauts)
 A = Elapsed time spent in this place.
 B = Non-inter-level travel time spent in this place.
 C = Inter-level travel time spent in this place.
 D = Time resting spent in this place.
 E = Time spent auto-exploring this place.
 F = Levels seen in this place.
 G = Mean time per level.
                   A        B        C        D        E       F      G
               +--------+--------+--------+--------+--------+-----+--------+
         Total |   6863 |   6677 |    186 |   1565 |   3390 |   6 | 1143.8 |
       Dungeon |   6863 |   6677 |    186 |   1565 |   3390 |   6 | 1143.8 |
               +--------+--------+--------+--------+--------+-----+--------+

Top non-repeatable levels by time:
     D:2: 1670 daAuts
     D:3: 1382 daAuts
     D:4: 1183 daAuts
     D:1: 1116 daAuts
     D:5: 795 daAuts
     D:6: 714 daAuts
